 Dungeon Crawl Stone Soup version 0.28-a0-124-g73ec313a74 (webtiles) character file.

Game seed: 10355226833103666896

172 voltaire321 the Chopper (level 5, 0/45 HPs)
             Began as a Minotaur Gladiator on Aug 14, 2021.
             Succumbed to a water moccasin's poison
             ... on level 3 of the Dungeon.
             The game lasted 00:03:31 (2210 turns).

voltaire321 the Chopper (Minotaur Gladiator)        Turns: 2210, Time: 00:03:32

Health: 0/45       AC:  3    Str: 20    XL:     5   Next: 27%
Magic:  4/4        EV:  9    Int:  5    God:
Gold:   90         SH:  7    Dex: 11    Spells: 4/4 levels left

rFire   . . .      SeeInvis .   a - +0 war axe
rCold   . . .      Faith    .   h - +0 kite shield
rNeg    . . .      Spirit   .   b - +0 leather armour
rPois   .          Reflect  .   c - +0 hat
rElec   .          Harm     .   (no cloak)
rCorr   .          Rampage  .   (no gloves)
Will    .....                   (no boots)
Stlth   +.........              (no amulet)
HPRegen 0.15/turn               (no ring)
MPRegen 0.09/turn               (no ring)

@: lethally poisoned (0 -> -11)
A: horns 2, retaliatory headbutt
a: no special abilities


You were on level 3 of the Dungeon.
You visited 1 branch of the dungeon, and saw 3 of its levels.

You collected 90 gold pieces.

Inventory:

Hand Weapons
 a - a +0 war axe (weapon)
Missiles
 d - 3 throwing nets
 j - 3 poisoned darts (quivered)
Armour
 b - a +0 leather armour (worn)
 c - a +0 hat (worn)
 h - a +0 kite shield (worn)
Scrolls
 g - 2 scrolls of identify {unknown}
Potions
 e - a potion of mutation {unknown}
 f - a potion of might {unknown}
 i - a potion of heal wounds {unknown}
 k - 2 potions of invisibility {unknown}


   Skills:
 + Level 3.6 Fighting
 + Level 4.6 Axes
 + Level 3.0 Throwing
 + Level 2.4 Armour
 + Level 4.1 Dodging
 - Level 0.3 Shields


You had 4 spell levels left.
You didn't know any spells.
Your spell library contained the following spells:

 Spells                   Type           Power      Damage    Failure   Level
 Ozocubu's Armour         Ice            0%         N/A       100%        3
 Metabolic Englaciation   Hex/Ice        0%         N/A       100%        5
 Simulacrum               Ice/Necr       0%         N/A       100%        6


Dungeon Overview and Level Annotations

Branches:
Dungeon (3/15)

Altars:


Innate Abilities, Weirdness & Mutations

You have a pair of horns on your head.
You reflexively headbutt those who attack you in melee.


Message History

You hit the water moccasin.
Your headbutt misses the water moccasin.
The water moccasin is lightly wounded.
You block the water moccasin's attack. The water moccasin bites you.
You barely miss the water moccasin.
Your headbutt misses the water moccasin.
The water moccasin is lightly wounded.
The water moccasin bites you.
You are poisoned.
The water moccasin poisons you!
The water moccasin bites you but does no damage.
The water moccasin barely misses you. You furiously retaliate!
You headbutt the water moccasin. You slash the water moccasin!
The water moccasin is severely wounded.
You feel very sick. The water moccasin bites you!
You are lethally poisoned!
The water moccasin poisons you!
The water moccasin bites you but does no damage.
You miss the water moccasin.
Your headbutt misses the water moccasin.
The water moccasin is severely wounded.
* * * LOW HITPOINT WARNING * * *
You feel extremely sick.
The water moccasin bites you but does no damage.
The water moccasin barely misses you.
You closely miss the water moccasin. You headbutt the water moccasin!
You kill the water moccasin!
* * * LOW HITPOINT WARNING * * *
You feel very sick.
Your Throwing skill increases to level 3!
Your Armour skill increases to level 2!
Your Dodging skill increases to level 4!
You have reached level 4!
You feel stronger.
You have reached level 5!
You closely miss the goblin. You headbutt the goblin.
You kill the goblin!
You die...

# #....... # ######
#......
####....#######.....
...................
#.#####.###### ...
#>.........# #'#
##########.## #.#
#..# #)# ##.# #@#
#)# #.# #.## #.#
##### #..# #.# ....#
##.# #.#
....########÷# #.#
............÷# #.#
..........÷..###.#
..............##.#


There were no monsters in sight!

Vanquished Creatures
  A water moccasin (D:3)
  A worm (D:2)
  3 dart slugs
  4 bats
  6 endoplasms
  2 giant cockroaches
  3 hobgoblins
  7 jackals
  5 kobolds
  3 quokkas
  5 ball pythons
  4 frilled lizards
  6 goblins
  3 rats
53 creatures vanquished.

Notes
Turn   | Place    | Note
-------+----------+-------------------------------------------
     0 | D:1      | voltaire321 the Minotaur Gladiator began the quest for the
                  | Orb.
     0 | D:1      | Reached XP level 1. HP: 18/18 MP: 0/0
   244 | D:1      | Reached XP level 2. HP: 20/25 MP: 1/1
   405 | D:1      | Reached skill level 1 in Armour
   855 | D:1      | Found a faded altar of an unknown god.
   859 | D:1      | Reached XP level 3. HP: 30/30 MP: 2/2
  2200 | D:3      | Noticed a water moccasin
  2209 | D:3      | Killed a water moccasin
  2210 | D:3      | Reached XP level 4. HP: 4/39 MP: 3/3
  2210 | D:3      | Reached XP level 5. HP: 4/45 MP: 4/4
  2210 | D:3      | Succumbed to a water moccasin's poison

Illustrated notes

Levels and vault maps discovered:
D:1:      dpeg_arrival_shrine, layout_basic,
          hellmonk_ecumenical_altar_inner_sanctum
D:2:      layout_loops_ring
D:3:      layout_basic

Skill      XL: |  1  2  3 |
---------------+----------+-----
Armour         | 1 2 |  2.4
Axes           | 4 |  4.6
Fighting       | 3 |  3.6
Throwing       | 3 |  3.0
Dodging        | 4 |  4.1
Shields        | |  0.3

Action                   |  1- 3 |  4- 6 || total
-------------------------+-------+-------++-------
Melee: War axe           |    94 |     1 ||    95
       Headbutt          |    14 |     1 ||    15
Armor: Leather armour    |    27 |       ||    27
Dodge: Dodged            |    65 |       ||    65
Block: Buckler           |     5 |       ||     5
       Kite shield       |    21 |       ||    21

Table legend: (Time is in decaauts)
 A = Elapsed time spent in this place.
 B = Non-inter-level travel time spent in this place.
 C = Inter-level travel time spent in this place.
 D = Time resting spent in this place.
 E = Time spent auto-exploring this place.
 F = Levels seen in this place.
 G = Mean time per level.
                   A        B        C        D        E       F      G
               +--------+--------+--------+--------+--------+-----+--------+
         Total |   2258 |   2239 |     19 |    292 |   1577 |   3 |  752.7 |
       Dungeon |   2258 |   2239 |     19 |    292 |   1577 |   3 |  752.7 |
               +--------+--------+--------+--------+--------+-----+--------+

Top non-repeatable levels by time:
     D:1: 1009 daAuts
     D:2: 881 daAuts
     D:3: 366 daAuts
